WCHLSIM.com - West Coast Hockey League
html PUBLIC "-//W3C//DTD XHTML 1.0 Transitional//EN" "http://www.w3.org/TR/xhtml1/DTD/xhtml1-transitional.dtd"> WCHL - Game 409 - SEATTLE GRUNGE vs KANSAS CITY KILLERBEES

SEATTLE GRUNGE vs KANSAS CITY KILLERBEES

Created - 10 janvier 2021 at 20:58

Goals
1 2 3 OT1 T
SEATTLE GRUNGE 0 0 2 0 2
KANSAS CITY KILLERBEES 0 1 1 1 3
Shots
1 2 3 OT1 T
SEATTLE GRUNGE 7 11 12 3 33
KANSAS CITY KILLERBEES 9 5 4 2 20

1st period

No Goal

Penalties :
Vladislav Namestnikov (SEA) for Holding (Minor) at 0:15

2nd period

1. KANSAS CITY KILLERBEES , Oscar Fantenberg 1 (Sean Couturier 28, Mark Stone 16) at 6:25

Penalties :
No Penalty

3rd period

2. SEATTLE GRUNGE , Mike Hoffman 12 (Damon Severson 8) at 0:52
3. SEATTLE GRUNGE , Carl Hagelin 3 (Morgan Geekie 2, Roman Josi 24) at 1:08
4. KANSAS CITY KILLERBEES , Sean Couturier 10 (Zach Hyman 14, Mark Stone 17) at 19:23

Penalties :
Justin Holl (KCK) for Hooking (Minor) at 4:33, Adam Larsson (KCK) for Cross-checking (Minor) at 10:56

Overtime #1

5. KANSAS CITY KILLERBEES , Sean Couturier 11 (Mark Stone 18) at 3:39

Penalties :
John Gibson (KCK) for Slashing (Minor) at 0:10 - Mark Stone served the penalty.

Goalie Stats

Semyon Varlamov (SEA), 17 saves from 20 shots - (0,850), OTL, 9-9-4, 63:40 minutes
John Gibson (KCK), 31 saves from 33 shots - (0,939), W, 9-5-2, 63:32 minutes

Players Stats for SEATTLE GRUNGE

Player Name              G  A  P  +/- PIM S  H  SB GA TA FO     MP     PP MP  PK MP  
------------------------------------------------------------------------------------
Carl Hagelin             1  0  1   0  0   3  0  0  0  0  1/2    13:32   0:16   0:53 
Chris Tierney            0  0  0   0  0   3  0  0  0  0  13/19  18:58   1:49   0:00 
Damon Severson           0  1  1   1  0   0  2  0  0  0  0/0    23:32   1:54   0:56 
David Savard             0  0  0  -1  0   0  3  1  0  0  0/0    23:09   2:04   1:03 
Jason Spezza             0  0  0  -1  0   0  0  0  0  0  2/3     7:55   0:16   0:53 
Josh Bailey              0  0  0   0  0   2  0  0  0  0  2/2    20:29   2:14   1:06 
Marcus Sorensen          0  0  0   0  0   2  0  0  0  0  0/0    12:05   0:49   0:00 
Matthew Grzelcyk         0  0  0   0  0   0  0  2  0  0  0/0    16:20   0:00   0:00 
Mike Hoffman             1  0  1   0  0   10 0  0  0  0  0/0    21:27   1:04   0:00 
Morgan Geekie            0  1  1   0  0   2  2  1  0  0  8/16   13:29   0:00   1:06 
Roman Josi               0  1  1  -2  0   1  1  1  0  0  0/0    24:39   2:04   1:03 
Ryan Reaves              0  0  0  -1  0   0  1  0  0  0  0/0     7:35   0:49   0:00 
Slater Koekkoek          0  0  0   0  0   0  2  0  0  0  0/0    15:18   0:00   0:00 
Travis Sanheim           0  0  0   1  0   1  3  0  0  0  0/0    22:41   1:54   0:56 
Trevor Lewis             0  0  0  -1  0   3  0  0  0  0  0/0     8:15   0:49   0:00 
Tyler Seguin             0  0  0   0  0   2  1  0  0  0  12/24  21:27   1:04   0:00 
Vladislav Namestnikov    0  0  0   1  2   3  1  1  0  0  1/1    20:39   0:55   0:00 
Wayne Simmonds           0  0  0   0  0   1  2  0  0  0  1/1    19:29   1:49   0:00 

Players Stats for KANSAS CITY KILLERBEES

Player Name              G  A  P  +/- PIM S  H  SB GA TA FO     MP     PP MP  PK MP  
------------------------------------------------------------------------------------
Adam Larsson             0  0  0   0  2   0  3  2  0  0  0/0    22:32   0:52   2:06 
Cam Fowler               0  0  0   0  0   0  2  0  0  0  0/0    22:35   1:07   2:31 
Colin Miller             0  0  0   1  0   0  2  1  0  0  0/0    19:44   1:07   1:51 
Jacob Muzzin             0  0  0   1  0   0  0  2  0  0  0/0    24:31   0:52   3:14 
Josh Archibald           0  0  0  -1  0   3  2  0  0  0  0/1    14:15   0:00   2:28 
Justin Holl              0  0  0  -1  2   0  3  0  0  0  0/0    18:34   0:00   0:02 
Mark Stone               0  3  3   3  0   2  0  0  0  0  1/1    20:43   0:52   0:00 
Nicholas Ritchie         0  0  0  -1  0   2  1  1  0  0  0/0    13:54   0:00   2:07 
Nick Schmaltz            0  0  0  -1  0   1  0  1  0  0  3/20   18:37   1:07   0:00 
Oscar Fantenberg         1  0  1   0  0   1  1  0  0  0  0/0    17:41   0:00   2:10 
Oskar Sundqvist          0  0  0   0  0   0  1  0  0  0  2/5     6:19   0:00   0:00 
Paul Stastny             0  0  0  -1  0   2  0  0  0  0  11/14  13:55   0:00   1:51 
Riley Sheahan            0  0  0   0  0   0  0  0  0  0  2/3     9:25   0:00   3:06 
Ryan Dzingel             0  0  0   0  0   0  0  0  0  0  0/1     7:26   1:07   0:00 
Sean Couturier           2  1  3   3  0   5  3  0  0  0  8/21   20:43   0:52   0:00 
Tyler Ennis              0  0  0  -1  0   1  1  0  0  0  0/1    18:37   1:07   0:00 
Zach Hyman               0  1  1   2  0   1  0  0  0  0  0/0    19:59   0:52   0:23 
Zach Parise              0  0  0  -1  0   2  0  0  0  0  1/1    17:30   0:00   0:00 

3 Stars

1 - Sean Couturier (KCK)
2 - Mark Stone (KCK)
3 - John Gibson (KCK)

Power Play

SEATTLE GRUNGE - 0 on 3 Attempt(s) - 0,00%
KANSAS CITY KILLERBEES - 0 on 1 Attempt(s) - 0,00%

Penalty Kill

SEATTLE GRUNGE - 1 on 1 Attempt(s) - 100,00% - Score 0 goal in Penalty Kill
KANSAS CITY KILLERBEES - 3 on 3 Attempt(s) - 100,00% - Score 0 goal in Penalty Kill

Team Stat

SEATTLE GRUNGE - Hits : 18 - Faceoff Wins : 40 - Blocked Shots : 6 - Penalty Minutes : 2
KANSAS CITY KILLERBEES - Hits : 19 - Faceoff Wins : 28 - Blocked Shots : 7 - Penalty Minutes : 6

Official

Referees : Gord Dwyer and Andrew Howard
Linesman : Kyle Larson and Kyle Flemington

Game Notes

No Game Note

Finance

Level 1 -- Attendance: 6500 (100,00%) -- Ticket Income 682 500 $
Level 2 -- Attendance: 5300 (100,00%) -- Ticket Income 339 200 $
Level 3 -- Attendance: 2500 (100,00%) -- Ticket Income 97 500 $
Level 4 -- Attendance: 4200 (100,00%) -- Ticket Income 117 600 $
Luxury Box -- Attendance: 1020 (100,00%) -- Ticket Income 206 040 $
Game was played at the Missouri Beehive Complex.
Total Attendance: 19520 (100,00%)
Total Ticket Income: 1 442 840 $
Other Expense: 14 428 $
Total Income: 1 428 412 $

SEATTLE GRUNGE

5 vs 5 Forward 
   Center                   Left Wing                Right Wing               Time % Phy DF OF 
 1 Tyler Seguin             Vladislav Namestnikov    Mike Hoffman             37     1   2  2  
 2 Chris Tierney            Josh Bailey              Wayne Simmonds           34     1   2  2  
 3 Morgan Geekie            Carl Hagelin             Marcus Sorensen          23     1   2  2  
 4 Jason Spezza             Trevor Lewis             Ryan Reaves              6      1   2  2  

5 vs 5 Defense 
   Defense                  Defense                                           Time % Phy DF OF 
 1 Roman Josi               David Savard                                      40     1   2  2  
 2 Damon Severson           Travis Sanheim                                    39     1   2  2  
 3 Matthew Grzelcyk         Slater Koekkoek                                   21     1   2  2  
 4 Roman Josi               Damon Severson                                    0      1   2  2  

PowerPlay Forward 
   Center                   Left Wing                Right Wing               Time % Phy DF OF 
 1 Tyler Seguin             Mike Hoffman             Josh Bailey              55     1   2  2  
 2 Chris Tierney            Vladislav Namestnikov    Wayne Simmonds           45     1   2  2  

PowerPlay Defense
   Defense                  Defense                                           Time % Phy DF OF 
 1 Roman Josi               David Savard                                      55     1   2  2  
 2 Damon Severson           Travis Sanheim                                    45     1   2  2  

Penalty Kill 4 Players Forward 
   Center                   Wing                     Time % Phy DF OF 
 1 Morgan Geekie            Josh Bailey              55     1   4  0  
 2 Jason Spezza             Vladislav Namestnikov    45     1   4  0  

Penalty Kill 4 Players Defense
   Defense                  Defense                  Time % Phy DF OF 
 1 Roman Josi               David Savard             55     1   3  1  
 2 Damon Severson           Travis Sanheim           45     1   3  1  

Penalty Kill - 3 Players Forward 
   Forward                                           Time % Phy DF OF 
 1 Chris Tierney                                     55     0   5  0  
 2 Morgan Geekie                                     45     0   5  0  

Penalty Kill - 3 Players Defense
   Defense                  Defense                  Time % Phy DF OF 
 1 Roman Josi               Damon Severson           55     1   4  0  
 2 David Savard             Travis Sanheim           45     1   4  0  

4 vs 4 Forward 
   Center                   Wing                     Time % Phy DF OF 
 1 Tyler Seguin             Mike Hoffman             55     1   2  2  
 2 Chris Tierney            Josh Bailey              45     1   2  2  

4 vs 4 Defense
   Defense                  Defense                  Time % Phy DF OF 
 1 Roman Josi               David Savard             55     1   2  2  
 2 Damon Severson           Travis Sanheim           45     1   2  2  

Last Minutes Offensive
   Center                   Left Wing                Right Wing               Defense                  Defense                  
   Tyler Seguin             Josh Bailey              Mike Hoffman             Roman Josi               Damon Severson           

Last Minutes Defensive
   Center                   Left Wing                Right Wing               Defense                  Defense                  
   Chris Tierney            Vladislav Namestnikov    Josh Bailey              Roman Josi               Damon Severson           

Goaltenders
Starting : Semyon Varlamov          
Backup : Jimmy Howard             

Extra Forwards
Normal : Tyler Seguin, Vladislav Namestnikov, Mike Hoffman - PP : Tyler Seguin, Vladislav Namestnikov - PK : Carl Hagelin
Extra Defensemen
Normal : Matthew Grzelcyk, Slater Koekkoek, Damon Severson - PP : Matthew Grzelcyk - PK : Slater Koekkoek, Damon Severson
Penalty Shots
Tyler Seguin, Mike Hoffman, Josh Bailey, Chris Tierney, Roman Josi
Custom OT Lines Forwards
Mike Hoffman, Tyler Seguin, Josh Bailey, Vladislav Namestnikov, Wayne Simmonds, Chris Tierney, Morgan Geekie, Marcus Sorensen, Carl Hagelin, Jason Spezza
Custom OT Lines Defensemen
Roman Josi, David Savard, Damon Severson, Travis Sanheim, Matthew Grzelcyk

Scratches
Brian Boyle (Sprained Right Ankle Injury), Jake Guentzel (Lacerated Left Calf Injury)

KANSAS CITY KILLERBEES

5 vs 5 Forward 
   Center                   Left Wing                Right Wing               Time % Phy DF OF 
 1 Sean Couturier           Zach Hyman               Mark Stone               36     1   2  2  
 2 Nick Schmaltz            Tyler Ennis              Zach Parise              34     1   2  2  
 3 Paul Stastny             Nicholas Ritchie         Josh Archibald           23     1   2  2  
 4 Oskar Sundqvist          Riley Sheahan            Ryan Dzingel             7      1   2  2  

5 vs 5 Defense 
   Defense                  Defense                                           Time % Phy DF OF 
 1 Jacob Muzzin             Adam Larsson                                      36     1   2  2  
 2 Justin Holl              Cam Fowler                                        35     1   2  2  
 3 Colin Miller             Oscar Fantenberg                                  28     1   2  2  
 4 Adam Larsson             Jacob Muzzin                                      1      1   2  2  

PowerPlay Forward 
   Center                   Left Wing                Right Wing               Time % Phy DF OF 
 1 Sean Couturier           Zach Hyman               Mark Stone               55     1   2  2  
 2 Nick Schmaltz            Tyler Ennis              Ryan Dzingel             45     1   2  2  

PowerPlay Defense
   Defense                  Defense                                           Time % Phy DF OF 
 1 Colin Miller             Cam Fowler                                        50     1   2  2  
 2 Adam Larsson             Jacob Muzzin                                      50     1   2  2  

Penalty Kill 4 Players Forward 
   Center                   Wing                     Time % Phy DF OF 
 1 Riley Sheahan            Nicholas Ritchie         55     1   2  2  
 2 Paul Stastny             Josh Archibald           45     1   2  2  

Penalty Kill 4 Players Defense
   Defense                  Defense                  Time % Phy DF OF 
 1 Jacob Muzzin             Adam Larsson             50     1   2  2  
 2 Colin Miller             Oscar Fantenberg         50     1   2  2  

Penalty Kill - 3 Players Forward 
   Forward                                           Time % Phy DF OF 
 1 Riley Sheahan                                     55     1   2  2  
 2 Josh Archibald                                    45     1   2  2  

Penalty Kill - 3 Players Defense
   Defense                  Defense                  Time % Phy DF OF 
 1 Oscar Fantenberg         Adam Larsson             50     1   2  2  
 2 Jacob Muzzin             Cam Fowler               50     1   2  2  

4 vs 4 Forward 
   Center                   Wing                     Time % Phy DF OF 
 1 Sean Couturier           Mark Stone               55     1   2  2  
 2 Nick Schmaltz            Zach Hyman               45     1   2  2  

4 vs 4 Defense
   Defense                  Defense                  Time % Phy DF OF 
 1 Jacob Muzzin             Adam Larsson             50     1   2  2  
 2 Colin Miller             Cam Fowler               50     1   2  2  

Last Minutes Offensive
   Center                   Left Wing                Right Wing               Defense                  Defense                  
   Sean Couturier           Zach Hyman               Mark Stone               Cam Fowler               Jacob Muzzin             

Last Minutes Defensive
   Center                   Left Wing                Right Wing               Defense                  Defense                  
   Sean Couturier           Nick Schmaltz            Mark Stone               Adam Larsson             Jacob Muzzin             

Goaltenders
Starting : John Gibson              
Backup : Mikhail Berdin           

Extra Forwards
Normal : Mark Stone, Paul Stastny, Nick Schmaltz - PP : Nicholas Ritchie, Sean Couturier - PK : Zach Hyman
Extra Defensemen
Normal : Jacob Muzzin, Adam Larsson, Cam Fowler - PP : Colin Miller - PK : Jacob Muzzin, Adam Larsson
Penalty Shots
Nick Schmaltz, Mark Stone, Sean Couturier, Zach Hyman, Paul Stastny
Custom OT Lines Forwards
Sean Couturier, Mark Stone, Paul Stastny, Zach Hyman, Nick Schmaltz, Tyler Ennis, Zach Parise, Oskar Sundqvist, Nicholas Ritchie, Josh Archibald
Custom OT Lines Defensemen
Jacob Muzzin, Cam Fowler, Adam Larsson, Colin Miller, Oscar Fantenberg

Scratches
None


% Time on Ice - SEATTLE GRUNGE

Lines # - Real PCT - Wanted PCT - Time Play
Normal Forward
1 - 35% - 37% - 18:43
2 - 30% - 34% - 16:11
3 - 23% - 23% - 12:23
4 - 13% - 6% - 6:46
Normal Defense
1 - 35% - 40% - 19:01
2 - 35% - 39% - 18:53
3 - 28% - 21% - 15:18
4 - 2% - 0% - 0:51
PP Forward
1 - 54% - 55% - 2:09
2 - 46% - 45% - 1:49
PP Defense
1 - 52% - 55% - 2:04
2 - 48% - 45% - 1:54
PK Forward
1 - 55% - 55% - 1:06
2 - 45% - 45% - 0:53
PK Defense
1 - 53% - 55% - 1:03
2 - 47% - 45% - 0:56
PK3 Forward
1 - 0% - 55%
2 - 0% - 45%
PK3 Defense
1 - 0% - 55%
2 - 0% - 45%
44 Forward
1 - 51% - 55% - 1:01
2 - 49% - 45% - 0:58
44 Defense
1 - 51% - 55% - 1:01
2 - 49% - 45% - 0:58
Last Minute Offensive  - 0:00
Last Minute Defensive  - 0:00
Total
Forward - 61:59
Defense - 61:59

% Time on Ice - KANSAS CITY KILLERBEES

Lines # - Real PCT - Wanted PCT - Time Play
Normal Forward
1 - 34% - 36% - 18:03
2 - 33% - 34% - 17:30
3 - 22% - 23% - 11:47
4 - 12% - 7% - 6:19
Normal Defense
1 - 36% - 36% - 19:12
2 - 35% - 35% - 18:33
3 - 29% - 28% - 15:31
4 - 1% - 1% - 0:23
PP Forward
1 - 44% - 55% - 0:52
2 - 56% - 45% - 1:07
PP Defense
1 - 56% - 50% - 1:07
2 - 44% - 50% - 0:52
PK Forward
1 - 53% - 55% - 2:07
2 - 47% - 45% - 1:51
PK Defense
1 - 63% - 50% - 2:31
2 - 37% - 50% - 1:27
PK3 Forward
1 - 69% - 55% - 1:22
2 - 31% - 45% - 0:37
PK3 Defense
1 - 44% - 50% - 0:52
2 - 56% - 50% - 1:07
44 Forward
1 - 0% - 55%
2 - 0% - 45%
44 Defense
1 - 0% - 50%
2 - 0% - 50%
Last Minute Offensive  - 0:24
Last Minute Defensive  - 0:00
Total
Forward - 61:59
Defense - 61:59

Play-by-Play

1st period


0:01 of 1st period - Sean Couturier wins face-off versus Tyler Seguin in neutral zone.
0:15 of 1st period - Minor Penalty to Vladislav Namestnikov for Holding.
0:16 of 1st period - Nick Schmaltz wins face-off versus Morgan Geekie in SEATTLE GRUNGE zone.
0:36 of 1st period - Icing by Cam Fowler.
0:37 of 1st period - Morgan Geekie wins face-off versus Nick Schmaltz in KANSAS CITY KILLERBEES zone.
0:43 of 1st period - Icing by Colin Miller.
0:44 of 1st period - Morgan Geekie wins face-off versus Tyler Ennis in KANSAS CITY KILLERBEES zone.
0:49 of 1st period - Shot by Morgan Geekie.
0:49 of 1st period - Shot Misses the Net.
2:24 of 1st period - Shot by Nicholas Ritchie.
2:24 of 1st period - Shot Blocked by Vladislav Namestnikov.
2:38 of 1st period - Shot by Mike Hoffman.
2:38 of 1st period - Stopped by John Gibson with a rebound.
2:47 of 1st period - Tyler Seguin is hit by Cam Fowler and loses puck.
4:07 of 1st period - Shot by Tyler Ennis.
4:07 of 1st period - Shot Misses the Net.
4:17 of 1st period - Oscar Fantenberg is hit by Morgan Geekie and loses puck.
4:55 of 1st period - Sean Couturier is hit by Slater Koekkoek.
5:04 of 1st period - Mark Stone is hit by Slater Koekkoek and loses puck.
6:18 of 1st period - Ryan Reaves is hit by Oskar Sundqvist and loses puck.
6:33 of 1st period - Shot by Josh Archibald.
6:33 of 1st period - Stopped by Semyon Varlamov with a rebound.
6:35 of 1st period - Shot by Nicholas Ritchie.
6:35 of 1st period - Shot Misses the Net.
6:45 of 1st period - Shot by Josh Archibald.
6:45 of 1st period - Stopped by Semyon Varlamov without a rebound.
6:46 of 1st period - Chris Tierney wins face-off versus Nick Schmaltz in SEATTLE GRUNGE zone.
6:55 of 1st period - Shot by Chris Tierney.
6:55 of 1st period - Shot Misses the Net.
7:01 of 1st period - Shot by Tyler Ennis.
7:01 of 1st period - Stopped by Semyon Varlamov without a rebound.
7:02 of 1st period - Tyler Seguin wins face-off versus Sean Couturier in SEATTLE GRUNGE zone.
7:02 of 1st period - Tyler Seguin is hit by Sean Couturier.
7:05 of 1st period - Icing by Vladislav Namestnikov.
7:06 of 1st period - Sean Couturier wins face-off versus Tyler Seguin in SEATTLE GRUNGE zone.
7:07 of 1st period - Shot by Mark Stone.
7:07 of 1st period - Stopped by Semyon Varlamov without a rebound.
7:08 of 1st period - Sean Couturier wins face-off versus Tyler Seguin in SEATTLE GRUNGE zone.
7:38 of 1st period - Sean Couturier is hit by David Savard.
8:14 of 1st period - Shot by Zach Parise.
8:14 of 1st period - Stopped by Semyon Varlamov without a rebound.
8:15 of 1st period - Paul Stastny wins face-off versus Chris Tierney in SEATTLE GRUNGE zone.
8:15 of 1st period - Josh Archibald is hit by Travis Sanheim and loses puck.
8:42 of 1st period - Shot by Nicholas Ritchie.
8:42 of 1st period - Shot Misses the Net.
9:42 of 1st period - Shot by Zach Parise.
9:42 of 1st period - Shot Misses the Net.
9:48 of 1st period - Shot by Tyler Ennis.
9:48 of 1st period - Shot Blocked by Roman Josi.
10:13 of 1st period - Mike Hoffman is hit by Colin Miller and loses puck.
10:24 of 1st period - Mike Hoffman is hit by Colin Miller and loses puck.
10:35 of 1st period - Shot by Mike Hoffman.
10:35 of 1st period - Shot Misses the Net.
11:31 of 1st period - Shot by Trevor Lewis.
11:31 of 1st period - Stopped by John Gibson without a rebound.
11:32 of 1st period - Josh Bailey wins face-off versus Nick Schmaltz in KANSAS CITY KILLERBEES zone.
11:32 of 1st period - Chris Tierney is hit by Adam Larsson and loses puck.
12:01 of 1st period - Shot by Josh Bailey.
12:01 of 1st period - Shot Blocked by Adam Larsson.
12:07 of 1st period - Shot by Josh Bailey.
12:07 of 1st period - Shot Blocked by Nick Schmaltz.
12:09 of 1st period - Shot by Chris Tierney.
12:09 of 1st period - Stopped by John Gibson without a rebound.
12:10 of 1st period - Sean Couturier wins face-off versus Morgan Geekie in KANSAS CITY KILLERBEES zone.
12:30 of 1st period - Icing by Carl Hagelin.
12:31 of 1st period - Paul Stastny wins face-off versus Morgan Geekie in SEATTLE GRUNGE zone.
12:57 of 1st period - Oscar Fantenberg is hit by Morgan Geekie and loses puck.
13:27 of 1st period - Shot by Vladislav Namestnikov.
13:27 of 1st period - Stopped by John Gibson without a rebound.
13:28 of 1st period - Chris Tierney wins face-off versus Sean Couturier in KANSAS CITY KILLERBEES zone.
13:47 of 1st period - Shot by Zach Hyman.
13:47 of 1st period - Shot Misses the Net.
14:02 of 1st period - Icing by Jacob Muzzin.
14:03 of 1st period - Tyler Seguin wins face-off versus Sean Couturier in KANSAS CITY KILLERBEES zone.
14:10 of 1st period - Shot by Mike Hoffman.
14:10 of 1st period - Stopped by John Gibson without a rebound.
14:11 of 1st period - Tyler Seguin wins face-off versus Nick Schmaltz in KANSAS CITY KILLERBEES zone.
14:18 of 1st period - Shot by Tyler Seguin.
14:18 of 1st period - Stopped by John Gibson with a rebound.
14:54 of 1st period - Shot by Nick Schmaltz.
14:54 of 1st period - Stopped by Semyon Varlamov without a rebound.
14:55 of 1st period - Chris Tierney wins face-off versus Sean Couturier in SEATTLE GRUNGE zone.
14:59 of 1st period - Chris Tierney is hit by Sean Couturier and loses puck.
15:22 of 1st period - Shot by Sean Couturier.
15:22 of 1st period - Stopped by Semyon Varlamov without a rebound.
15:23 of 1st period - Paul Stastny wins face-off versus Morgan Geekie in SEATTLE GRUNGE zone.
15:36 of 1st period - Slater Koekkoek is hit by Josh Archibald.
15:44 of 1st period - Shot by Paul Stastny.
15:44 of 1st period - Shot Blocked by Matthew Grzelcyk.
15:46 of 1st period - Shot by Josh Archibald.
15:46 of 1st period - Shot Misses the Net.
15:48 of 1st period - Shot by Nicholas Ritchie.
15:48 of 1st period - Shot Misses the Net.
15:50 of 1st period - Shot by Nicholas Ritchie.
15:50 of 1st period - Stopped by Semyon Varlamov without a rebound.
15:51 of 1st period - Nick Schmaltz wins face-off versus Tyler Seguin in SEATTLE GRUNGE zone.
16:20 of 1st period - Shot by Vladislav Namestnikov.
16:20 of 1st period - Stopped by John Gibson without a rebound.
16:21 of 1st period - Chris Tierney wins face-off versus Sean Couturier in KANSAS CITY KILLERBEES zone.
16:29 of 1st period - Josh Bailey is hit by Justin Holl and loses puck.
16:33 of 1st period - Wayne Simmonds is hit by Justin Holl and loses puck.
16:49 of 1st period - Icing by Sean Couturier.
16:50 of 1st period - Tyler Seguin wins face-off versus Sean Couturier in KANSAS CITY KILLERBEES zone.
17:09 of 1st period - Shot by Sean Couturier.
17:09 of 1st period - Stopped by Semyon Varlamov without a rebound.
17:10 of 1st period - Morgan Geekie wins face-off versus Nick Schmaltz in SEATTLE GRUNGE zone.
17:15 of 1st period - Roman Josi is hit by Tyler Ennis and loses puck.
17:20 of 1st period - Shot by Zach Parise.
17:20 of 1st period - Shot Misses the Net.
17:39 of 1st period - Icing by Tyler Ennis.
17:40 of 1st period - Nick Schmaltz wins face-off versus Chris Tierney in KANSAS CITY KILLERBEES zone.
17:40 of 1st period - Nick Schmaltz is hit by Wayne Simmonds.
18:25 of 1st period - Shot by Josh Bailey.
18:25 of 1st period - Shot Misses the Net.
18:38 of 1st period - Icing by Tyler Seguin.
18:39 of 1st period - Tyler Seguin wins face-off versus Paul Stastny in SEATTLE GRUNGE zone.
18:39 of 1st period - Tyler Seguin is hit by Nicholas Ritchie.
18:53 of 1st period - Vladislav Namestnikov is hit by Josh Archibald and loses puck.
18:59 of 1st period - Paul Stastny is hit by Roman Josi.
Goals for this period are 0 for SEATTLE GRUNGE vs 0 for KANSAS CITY KILLERBEES.
Shots for this period are 7 for SEATTLE GRUNGE vs 9 for KANSAS CITY KILLERBEES.

2nd period


0:01 of 2nd period - Chris Tierney wins face-off versus Nick Schmaltz in neutral zone.
0:04 of 2nd period - Shot by Wayne Simmonds.
0:04 of 2nd period - Shot Misses the Net.
0:16 of 2nd period - Shot by Wayne Simmonds.
0:16 of 2nd period - Deflect By Josh Bailey.
0:16 of 2nd period - Stopped by John Gibson without a rebound.
0:17 of 2nd period - Morgan Geekie wins face-off versus Sean Couturier in KANSAS CITY KILLERBEES zone.
2:23 of 2nd period - Shot by Tyler Seguin.
2:23 of 2nd period - Shot Blocked by Adam Larsson.
2:36 of 2nd period - Tyler Seguin is hit by Adam Larsson and loses puck.
3:05 of 2nd period - Shot by Trevor Lewis.
3:05 of 2nd period - Stopped by John Gibson without a rebound.
3:06 of 2nd period - Paul Stastny wins face-off versus Morgan Geekie in KANSAS CITY KILLERBEES zone.
3:56 of 2nd period - Off-side.
3:57 of 2nd period - Oskar Sundqvist wins face-off versus Chris Tierney in neutral zone.
4:38 of 2nd period - Chris Tierney is hit by Adam Larsson.
5:11 of 2nd period - Shot by Mike Hoffman.
5:11 of 2nd period - Stopped by John Gibson with a rebound.
5:54 of 2nd period - Shot by Mark Stone.
5:54 of 2nd period - Shot Misses the Net.
6:23 of 2nd period - Shot by Sean Couturier.
6:23 of 2nd period - Shot Misses the Net.
6:25 of 2nd period - Shot by Oscar Fantenberg.
6:25 of 2nd period - Goal by Oscar Fantenberg - SEATTLE GRUNGE : 0 - KANSAS CITY KILLERBEES : 1.
6:26 of 2nd period - Chris Tierney wins face-off versus Paul Stastny in neutral zone.
6:37 of 2nd period - Shot by Josh Bailey.
6:37 of 2nd period - Shot Blocked by Nicholas Ritchie.
6:54 of 2nd period - Jacob Muzzin is hit by Wayne Simmonds and loses puck.
7:48 of 2nd period - Icing by Vladislav Namestnikov.
7:49 of 2nd period - Tyler Seguin wins face-off versus Nick Schmaltz in SEATTLE GRUNGE zone.
8:23 of 2nd period - Icing by Damon Severson.
8:24 of 2nd period - Tyler Seguin wins face-off versus Sean Couturier in SEATTLE GRUNGE zone.
8:41 of 2nd period - Shot by Chris Tierney.
8:41 of 2nd period - Stopped by John Gibson with a rebound.
8:43 of 2nd period - Shot by David Savard.
8:43 of 2nd period - Shot Hit the Post.
8:51 of 2nd period - Shot by Chris Tierney.
8:51 of 2nd period - Stopped by John Gibson without a rebound.
8:52 of 2nd period - Oskar Sundqvist wins face-off versus Morgan Geekie in KANSAS CITY KILLERBEES zone.
8:59 of 2nd period - Shot by Marcus Sorensen.
8:59 of 2nd period - Stopped by John Gibson without a rebound.
9:00 of 2nd period - Chris Tierney wins face-off versus Nick Schmaltz in KANSAS CITY KILLERBEES zone.
9:09 of 2nd period - Shot by Zach Parise.
9:09 of 2nd period - Stopped by Semyon Varlamov with a rebound.
10:14 of 2nd period - Icing by Justin Holl.
10:15 of 2nd period - Carl Hagelin wins face-off versus Nick Schmaltz in KANSAS CITY KILLERBEES zone.
10:15 of 2nd period - Morgan Geekie is hit by Justin Holl and loses puck.
10:40 of 2nd period - Icing by Jacob Muzzin.
10:41 of 2nd period - Sean Couturier wins face-off versus Tyler Seguin in KANSAS CITY KILLERBEES zone.
11:16 of 2nd period - Shot by Mark Stone.
11:16 of 2nd period - Stopped by Semyon Varlamov without a rebound.
11:17 of 2nd period - Paul Stastny wins face-off versus Carl Hagelin in SEATTLE GRUNGE zone.
11:28 of 2nd period - Shot by Nicholas Ritchie.
11:28 of 2nd period - Shot Blocked by Morgan Geekie.
11:30 of 2nd period - Shot by Nicholas Ritchie.
11:30 of 2nd period - Shot Hit the Post.
11:32 of 2nd period - Shot by Josh Archibald.
11:32 of 2nd period - Stopped by Semyon Varlamov with a rebound.
11:34 of 2nd period - Shot by Josh Archibald.
11:34 of 2nd period - Shot Misses the Net.
11:36 of 2nd period - Shot by Paul Stastny.
11:36 of 2nd period - Stopped by Semyon Varlamov without a rebound.
11:37 of 2nd period - Josh Bailey wins face-off versus Oskar Sundqvist in SEATTLE GRUNGE zone.
12:07 of 2nd period - Ryan Dzingel is hit by David Savard.
13:04 of 2nd period - Shot by Vladislav Namestnikov.
13:04 of 2nd period - Shot Misses the Net.
13:12 of 2nd period - Shot by Tyler Seguin.
13:12 of 2nd period - Shot Misses the Net.
13:34 of 2nd period - Shot by Marcus Sorensen.
13:34 of 2nd period - Stopped by John Gibson without a rebound.
13:35 of 2nd period - Mark Stone wins face-off versus Jason Spezza in KANSAS CITY KILLERBEES zone.
13:35 of 2nd period - Mark Stone is hit by Ryan Reaves.
13:42 of 2nd period - Icing by Roman Josi.
13:43 of 2nd period - Jason Spezza wins face-off versus Nick Schmaltz in SEATTLE GRUNGE zone.
14:53 of 2nd period - Shot by Morgan Geekie.
14:53 of 2nd period - Stopped by John Gibson without a rebound.
14:54 of 2nd period - Paul Stastny wins face-off versus Tyler Seguin in KANSAS CITY KILLERBEES zone.
15:35 of 2nd period - Shot by Tyler Seguin.
15:35 of 2nd period - Shot Misses the Net.
16:10 of 2nd period - Mark Stone is hit by Travis Sanheim and loses puck.
17:04 of 2nd period - Shot by Carl Hagelin.
17:04 of 2nd period - Stopped by John Gibson without a rebound.
17:05 of 2nd period - Jason Spezza wins face-off versus Ryan Dzingel in KANSAS CITY KILLERBEES zone.
18:10 of 2nd period - Shot by Carl Hagelin.
18:10 of 2nd period - Stopped by John Gibson without a rebound.
18:11 of 2nd period - Tyler Seguin wins face-off versus Nick Schmaltz in KANSAS CITY KILLERBEES zone.
18:12 of 2nd period - Shot by Mike Hoffman.
18:12 of 2nd period - Shot Misses the Net.
18:15 of 2nd period - Icing by Colin Miller.
18:16 of 2nd period - Tyler Seguin wins face-off versus Nick Schmaltz in KANSAS CITY KILLERBEES zone.
18:35 of 2nd period - Shot by Mike Hoffman.
18:35 of 2nd period - Stopped by John Gibson without a rebound.
18:36 of 2nd period - Chris Tierney wins face-off versus Sean Couturier in KANSAS CITY KILLERBEES zone.
18:45 of 2nd period - David Savard is hit by Sean Couturier.
18:51 of 2nd period - Icing by Chris Tierney.
18:52 of 2nd period - Chris Tierney wins face-off versus Nick Schmaltz in SEATTLE GRUNGE zone.
18:54 of 2nd period - Icing by Josh Bailey.
18:55 of 2nd period - Chris Tierney wins face-off versus Sean Couturier in SEATTLE GRUNGE zone.
19:28 of 2nd period - Shot by Chris Tierney.
19:28 of 2nd period - Shot Blocked by Jacob Muzzin.
19:30 of 2nd period - Shot by Chris Tierney.
19:30 of 2nd period - Shot Blocked by Jacob Muzzin.
Goals for this period are 0 for SEATTLE GRUNGE vs 1 for KANSAS CITY KILLERBEES.
Shots for this period are 11 for SEATTLE GRUNGE vs 5 for KANSAS CITY KILLERBEES.

3rd period


0:01 of 3rd period - Zach Parise wins face-off versus Tyler Seguin in neutral zone.
0:09 of 3rd period - Icing by Travis Sanheim.
0:10 of 3rd period - Paul Stastny wins face-off versus Tyler Seguin in SEATTLE GRUNGE zone.
0:23 of 3rd period - Josh Archibald is hit by Vladislav Namestnikov and loses puck.
0:28 of 3rd period - Shot by Mike Hoffman.
0:28 of 3rd period - Stopped by John Gibson with a rebound.
0:37 of 3rd period - Paul Stastny is hit by Travis Sanheim and loses puck.
0:52 of 3rd period - Shot by Mike Hoffman.
0:52 of 3rd period - Goal by Mike Hoffman - SEATTLE GRUNGE : 1 - KANSAS CITY KILLERBEES : 1.
0:53 of 3rd period - Morgan Geekie wins face-off versus Nick Schmaltz in neutral zone.
1:08 of 3rd period - Shot by Morgan Geekie.
1:08 of 3rd period - Deflect By Carl Hagelin.
1:08 of 3rd period - Goal by Carl Hagelin - SEATTLE GRUNGE : 2 - KANSAS CITY KILLERBEES : 1.
1:09 of 3rd period - Chris Tierney wins face-off versus Sean Couturier in neutral zone.
1:30 of 3rd period - Shot by Wayne Simmonds.
1:30 of 3rd period - Stopped by John Gibson with a rebound.
2:31 of 3rd period - Shot by Mike Hoffman.
2:31 of 3rd period - Stopped by John Gibson with a rebound.
2:45 of 3rd period - Shot by Mike Hoffman.
2:45 of 3rd period - Stopped by John Gibson without a rebound.
2:46 of 3rd period - Paul Stastny wins face-off versus Morgan Geekie in KANSAS CITY KILLERBEES zone.
3:11 of 3rd period - Off-side.
3:12 of 3rd period - Vladislav Namestnikov wins face-off versus Sean Couturier in neutral zone.
3:34 of 3rd period - Shot by Mike Hoffman.
3:34 of 3rd period - Stopped by John Gibson without a rebound.
3:35 of 3rd period - Morgan Geekie wins face-off versus Nick Schmaltz in KANSAS CITY KILLERBEES zone.
4:12 of 3rd period - Shot by Nick Schmaltz.
4:12 of 3rd period - Shot Misses the Net.
4:33 of 3rd period - Minor Penalty to Justin Holl for Hooking.
4:34 of 3rd period - Riley Sheahan wins face-off versus Tyler Seguin in KANSAS CITY KILLERBEES zone.
4:34 of 3rd period - Riley Sheahan is hit by Tyler Seguin.
4:54 of 3rd period - Shot by Josh Bailey.
4:54 of 3rd period - Shot Misses the Net.
7:00 of 3rd period - Shot by Jason Spezza.
7:00 of 3rd period - Shot Misses the Net.
7:06 of 3rd period - Shot by Matthew Grzelcyk.
7:06 of 3rd period - Shot Misses the Net.
7:40 of 3rd period - Morgan Geekie is hit by Oscar Fantenberg and loses puck.
7:47 of 3rd period - Shot by Morgan Geekie.
7:47 of 3rd period - Stopped by John Gibson with a rebound.
7:49 of 3rd period - Shot by Travis Sanheim.
7:49 of 3rd period - Stopped by John Gibson without a rebound.
7:50 of 3rd period - Chris Tierney wins face-off versus Oskar Sundqvist in KANSAS CITY KILLERBEES zone.
7:54 of 3rd period - Icing by Jacob Muzzin.
7:55 of 3rd period - Tyler Seguin wins face-off versus Oskar Sundqvist in KANSAS CITY KILLERBEES zone.
9:55 of 3rd period - Shot by Paul Stastny.
9:55 of 3rd period - Stopped by Semyon Varlamov with a rebound.
10:09 of 3rd period - Shot by Nicholas Ritchie.
10:09 of 3rd period - Shot Misses the Net.
10:11 of 3rd period - Shot by Josh Archibald.
10:11 of 3rd period - Shot Blocked by Matthew Grzelcyk.
10:56 of 3rd period - Shot by Josh Bailey.
10:56 of 3rd period - Stopped by John Gibson without a rebound.
10:56 of 3rd period - Minor Penalty to Adam Larsson for Cross-checking.
10:57 of 3rd period - Riley Sheahan wins face-off versus Chris Tierney in KANSAS CITY KILLERBEES zone.
11:16 of 3rd period - Shot by Roman Josi.
11:16 of 3rd period - Stopped by John Gibson without a rebound.
11:17 of 3rd period - Chris Tierney wins face-off versus Josh Archibald in KANSAS CITY KILLERBEES zone.
12:16 of 3rd period - Shot by Roman Josi.
12:16 of 3rd period - Shot Misses the Net.
12:56 of 3rd period - Icing by Damon Severson.
12:57 of 3rd period - Sean Couturier wins face-off versus Morgan Geekie in SEATTLE GRUNGE zone.
13:14 of 3rd period - Shot by Carl Hagelin.
13:14 of 3rd period - Shot Misses the Net.
14:33 of 3rd period - Off-side.
14:34 of 3rd period - Paul Stastny wins face-off versus Tyler Seguin in neutral zone.
14:36 of 3rd period - Nicholas Ritchie is hit by David Savard and loses puck.
16:06 of 3rd period - Icing by Morgan Geekie.
16:07 of 3rd period - Morgan Geekie wins face-off versus Nick Schmaltz in SEATTLE GRUNGE zone.
16:45 of 3rd period - Icing by David Savard.
16:46 of 3rd period - Sean Couturier wins face-off versus Tyler Seguin in SEATTLE GRUNGE zone.
16:53 of 3rd period - Shot by Zach Hyman.
16:53 of 3rd period - Shot Blocked by David Savard.
17:18 of 3rd period - Mike Hoffman is hit by Cam Fowler and loses puck.
18:40 of 3rd period - Shot by Trevor Lewis.
18:40 of 3rd period - Stopped by John Gibson with a rebound.
18:45 of 3rd period - Icing by Tyler Ennis.
18:46 of 3rd period - Morgan Geekie wins face-off versus Nick Schmaltz in KANSAS CITY KILLERBEES zone.
19:15 of 3rd period - KANSAS CITY KILLERBEES, John Gibson is pulled from the net.
19:19 of 3rd period - Shot by Sean Couturier.
19:19 of 3rd period - Stopped by Semyon Varlamov with a rebound.
19:23 of 3rd period - Shot by Zach Hyman.
19:23 of 3rd period - Deflect By Sean Couturier.
19:23 of 3rd period - Goal by Sean Couturier - SEATTLE GRUNGE : 2 - KANSAS CITY KILLERBEES : 2.
19:23 of 3rd period - John Gibson from KANSAS CITY KILLERBEES was sent back in the game.
19:24 of 3rd period - Paul Stastny wins face-off versus Chris Tierney in neutral zone.
19:31 of 3rd period - Shot by Nicholas Ritchie.
19:31 of 3rd period - Stopped by Semyon Varlamov without a rebound.
19:32 of 3rd period - Paul Stastny wins face-off versus Chris Tierney in SEATTLE GRUNGE zone.
19:40 of 3rd period - Josh Archibald is hit by Damon Severson and loses puck.
19:58 of 3rd period - Paul Stastny is hit by Damon Severson and loses puck.
Goals for this period are 2 for SEATTLE GRUNGE vs 1 for KANSAS CITY KILLERBEES.
Shots for this period are 12 for SEATTLE GRUNGE vs 4 for KANSAS CITY KILLERBEES.

Overtime #1


0:01 of 1st overtime period - Tyler Seguin wins face-off versus Sean Couturier in neutral zone.
0:10 of 1st overtime period - Shot by Tyler Seguin.
0:10 of 1st overtime period - Stopped by John Gibson without a rebound.
0:10 of 1st overtime period - Minor Penalty to John Gibson for Slashing.
0:11 of 1st overtime period - Tyler Seguin wins face-off versus Riley Sheahan in KANSAS CITY KILLERBEES zone.
0:12 of 1st overtime period - Shot by Mike Hoffman.
0:12 of 1st overtime period - Shot Misses the Net.
0:32 of 1st overtime period - Shot by Mike Hoffman.
0:32 of 1st overtime period - Stopped by John Gibson with a rebound.
2:36 of 1st overtime period - Shot by Vladislav Namestnikov.
2:36 of 1st overtime period - Deflect By Wayne Simmonds.
2:36 of 1st overtime period - Shot Blocked by Colin Miller.
2:38 of 1st overtime period - Shot by Vladislav Namestnikov.
2:38 of 1st overtime period - Stopped by John Gibson with a rebound.
3:03 of 1st overtime period - Icing by Matthew Grzelcyk.
3:04 of 1st overtime period - Wayne Simmonds wins face-off versus Paul Stastny in SEATTLE GRUNGE zone.
3:17 of 1st overtime period - Shot by Zach Hyman.
3:17 of 1st overtime period - Stopped by Semyon Varlamov without a rebound.
3:18 of 1st overtime period - Sean Couturier wins face-off versus Tyler Seguin in SEATTLE GRUNGE zone.
3:39 of 1st overtime period - Shot by Sean Couturier.
3:39 of 1st overtime period - Goal by Sean Couturier - SEATTLE GRUNGE : 2 - KANSAS CITY KILLERBEES : 3.
Goals for this period are 0 for SEATTLE GRUNGE vs 1 for KANSAS CITY KILLERBEES.
Shots for this period are 3 for SEATTLE GRUNGE vs 2 for KANSAS CITY KILLERBEES.


SCOTT
LAUGHTON
IGOR
SHESTERKIN
ALEX
TUCH

EAST COAST

HOCKEY LEAGUE

  • 9.CHI2QUE6
  • 10.LIM2CHA3
  • 11.LON6TRV4
  • 12.BAL3CHW2
  • 13.MANPIT
  • 14.NHWATL
  • 15.PETWOR
  • 16.RHI